 Dungeon Crawl Stone Soup version 0.30-a0-778-g2ef04afb54 (webtiles) character file.

Game seed: 16229155872331660084

70522 lesbiats the Brawler (level 14, -13/143 HPs)
             Began as a Troll Fighter on Feb 15, 2023.
             Was the Champion of Wu Jian.
             Mangled by Rupert
             ... wielding a +2 heavy battleaxe
              (39 damage)
             ... on level 13 of the Dungeon on Feb 17, 2023.
             The game lasted 01:19:30 (17462 turns).

lesbiats the Brawler (Troll Fighter)               Turns: 17462, Time: 01:19:31

Health: -13/143    AC: 17    Str: 30    XL:     14   Next: 94%
Magic:  13/13      EV:  4    Int:  8    God:    Wu Jian [******]
Gold:   1559       SH: 11    Dex:  9    Spells: 11/13 levels left

rFire   + . .      SeeInvis .      - Unarmed
rCold   + . .      Faith    .    b - +0 kite shield
rNeg    . . .      Spirit   .    K - +0 gold dragon scales
rPois   +          Reflect  .    (helmet restricted)
rElec   .          Harm     .    Q - scarf {repulsion}
rCorr   .          Rampage  .    (gloves unavailable)
Will    +....                    (boots unavailable) Stlth
                                 B - amulet of regeneration
HPRegen 2.03/turn                m - ring of poison resistance
MPRegen 0.13/turn                y - ring "Wiqymi" {Fly Str+3}

@: flying, repel missiles
A: large, unfitting armour, claws 3, regeneration 1, shaggy fur 1, tough skin 1
a: Renounce Religion, Wall Jump, Serpent's Lash, Heavenly Storm


You were on level 13 of the Dungeon.
You worshipped Wu Jian.
Wu Jian was exalted by your worship.
You visited 3 branches of the dungeon, and saw 20 of its levels.

You collected 1967 gold pieces.
You spent 408 gold pieces at shops.

Inventory:

Missiles
 h - 20 boomerangs
 o - 6 javelins
 p - 49 poisoned darts (quivered)
 s - 3 atropa-tipped darts
 H - 2 silver boomerangs
 O - 3 throwing nets
 W - 2 curare-tipped darts
Armour
 b - a +0 kite shield (worn)
 K - +0 gold dragon scales (worn)
 Q - a scarf of repulsion (worn)
Jewellery
 m - a ring of poison resistance (left claw)
 y - the ring "Wiqymi" (right claw) {Fly Str+3}
   (You found it on level 5 of the Lair of Beasts)

   [ring of flight]

   Str:       It affects your strength (+3).
   Fly:       It grants you flight.
 B - an amulet of regeneration (around neck)
Wands
 z - a wand of roots (6)
 E - a wand of charming (22)
 L - a wand of flame (20)
 S - a wand of acid (2)
 U - a wand of mindburst (9)
 V - a wand of digging (6)
Scrolls
 e - 5 scrolls of blinking
 f - 3 scrolls of poison
 i - 5 scrolls of vulnerability
 l - 9 scrolls of teleportation
 n - 6 scrolls of fog
 q - 2 scrolls of magic mapping
 x - 4 scrolls of fear
 D - a scroll of silence
 F - a scroll of immolation
 J - 2 scrolls of noise
 P - a scroll of torment
 R - a scroll of summoning {unknown}
Potions
 a - 2 potions of brilliance {unknown}
 c - 5 potions of might
 g - a potion of heal wounds
 j - 3 potions of invisibility
 k - 8 potions of attraction
 r - 3 potions of berserk rage
 t - 2 potions of degeneration
 u - a potion of ambrosia {unknown}
 v - 2 potions of flight
 w - 6 potions of lignification
 A - 6 potions of curing
 G - 4 potions of haste {unknown}
 I - 2 potions of magic {unknown}
 T - a potion of mutation {unknown}
 Z - 2 potions of cancellation {unknown}
Miscellaneous
 Y - a phantom mirror


   Skills:
 + Level 10.0 Fighting
 + Level 6.5 Armour
 + Level 8.7 Dodging
 + Level 11.0 Shields
 * Level 16.0 Unarmed Combat
 + Level 7.1 Earth Magic


You had 11 spell levels left.
You knew the following spells:

 Your Spells              Type           Power      Damage    Failure   Level
a - Passwall              Tmut/Erth      4%         N/A       100%        2

Your spell library contained the following spells:

 Spells                   Type           Power      Damage    Failure   Level
 Beastly Appendage        Tmut           0%         N/A       100%        1
 Magic Dart               Conj           0%         1d3       100%        1
 Shock                    Conj/Air       0%         1d3       100%        1
 Slow                     Hex            0%         N/A       100%        1
 Blink                    Tloc           0%         N/A       100%        2
 Call Imp                 Summ           0%         N/A       100%        2
 Cigotuvi's Dreadful Rot  Necr/Pois/Air  0%         N/A       100%        2
 Ensorcelled Hibernation  Hex/Ice        0%         N/A       100%        2
 Lesser Beckoning         Tloc           0%         N/A       100%        2
 Momentum Strike          Conj/Tloc      0%         3d8       100%        2
 Wereblood                Tmut           0%         N/A       100%        2
 Call Canine Familiar     Summ           0%         N/A       100%        3
 Confusing Touch          Hex            0%         N/A       100%        3
 Dazzling Flash           Conj/Hex       0%         N/A       100%        3
 Mephitic Cloud           Conj/Pois/Air  0%         N/A       100%        3
 Portal Projectile        Hex/Tloc       0%         N/A       100%        3
 Spider Form              Tmut/Pois      0%         N/A       100%        3
 Summon Guardian Golem    Hex/Summ       0%         N/A       100%        3
 Swiftness                Air            0%         N/A       100%        3
 Tukima's Dance           Hex            0%         N/A       100%        3
 Vampiric Draining        Necr           0%         2d6       100%        3
 Airstrike                Air            0%         2d(0-16)  100%        4
 Anguish                  Hex/Necr       0%         N/A       100%        4
 Animate Armour           Summ/Erth      10%        N/A       100%        4
 Dispel Undead            Necr           0%         3d6       100%        4
 Iskenderun's Mystic Bla  Conj/Tloc      0%         2d3       100%        4
 Leda's Liquefaction      Hex/Erth       2%         N/A       100%        4
 Blade Hands              Tmut           0%         N/A       100%        5
 Death Channel            Necr           0%         N/A       100%        6
 Iron Shot                Conj/Erth      2%         9d2       100%        6
 Starburst                Conj/Fire      0%         6d3       100%        6
 Orb of Destruction       Conj           0%         9d5       100%        7
 Spellforged Servitor     Conj/Summ      0%         N/A       100%        7


Dungeon Overview and Level Annotations

Branches:
Dungeon (13/15)            Temple (0/1) D:5            Lair (5/5) D:9
 Shoals (0/4) Lair:3        Snake (0/4) Lair:3        Slime (0/5) Lair:5
    Orc (2/2) D:11            Elf (0/3) Orc:2
 Vaults: D:13-14

Altars:
Cheibriados
Elyvilon
Gozag
Makhleb
Qazlal
Ru
Sif Muna
Wu Jian
Xom
Yredelemnul
Zin
Jiyva

Shops:
D:3 ?   D:4 ?![(   D:5 [   D:9 *   Orc:2 (:**

Portals:
Trove: D:11 (give 7 scrolls of fog)

Annotations:
D:13 Rupert
Lair:2 3 runed translucent doors, tarna41's ghost, journeyman MiBe


Innate Abilities, Weirdness & Mutations

You are too large for most types of armour.
You have claws for hands.
Your natural rate of healing is unusually fast.
You are covered in fur. (AC +1)
You have tough skin. (AC +1)


Message History

The curare-tipped dart barely misses Rupert.
Rupert roars wildly at you.
You struggle to resist.
Throw: 50 darts (poison)
Press: ? - help, Q - select action, (/) - cycle Shift-Dir - straight line, f/p - Rupert
Aim: Rupert, wielding a +2 heavy battleaxe and wearing a +2 leather armour of cold resistance (lightly wounded, 60% to hit)
You throw a poisoned dart. The poisoned dart barely misses Rupert.
You eviscerate Rupert!!!
Rupert is moderately wounded.
You mangle Rupert!!
Rupert is heavily wounded.
Rupert screams, "Die, monster!"
Rupert yells loudly at you.
You struggle to resist.
You completely miss Rupert.
Rupert is heavily wounded.
Rupert roars madly and goes into a rage!
Rupert goes berserk!
You mangle Rupert!!
Rupert is severely wounded.
You block Rupert's attack.
You closely miss Rupert.
Rupert is severely wounded.
Rupert hits you with a +2 heavy battleaxe!!
You claw Rupert!
Rupert is severely wounded.
You block Rupert's attack.
You scratch Rupert.
Rupert is almost dead.
You claw Rupert!
Rupert is almost dead.
Rupert hits you with a +2 heavy battleaxe!!!
You barely miss Rupert.
Rupert is almost dead.
Rupert hits you with a +2 heavy battleaxe!!!
* * * LOW HITPOINT WARNING * * *
You scratch Rupert but do no damage.
Rupert is almost dead.
Rupert hits you with a +2 heavy battleaxe!!!
You die...

### #.#######
#.@(((....# #@#
#^# #.# #.# #.#
#.# #.# #.# #.#
#.# #.# #.#
#.#######.#
#>........#####
#...##........#


You could see Rupert (berserk).

Vanquished Creatures
  Erolcha (D:9)
  Harold (Orc:1)
  A hydra (Lair:4)
  4 ogre magi (Orc:2)
  A centaur warrior (D:13)
  4 catoblepae
  The ghost of olddryhag the Thaumaturge, a journeyman DsFE of Sif Muna (D:12)
  4 boulder beetles
  14 two-headed ogres
  17 death yaks
  Urug (Lair:1)
  Sonja (Lair:3)
  Amaemon (Lair:3)
  A skyshark (Lair:3)
  3 manticores
  A cyclops (D:13)
  4 black mambas
  4 elephants (Lair:5)
  An orange demon (Lair:3)
  6 cane toads
  An unseen horror (D:13)
  A kobold demonologist (D:10)
  4 rime drakes
  12 komodo dragons
  4 trolls
  A tyrant leech (Lair:2)
  A wind drake (Lair:3)
  2 hornets
  3 meliai (D:13)
  3 polar bears
  14 dream sheep
  19 blink frogs
  A shadow (D:9)
  Sigmund (D:3)
  3 wraiths
  2 wyverns
  37 yaks
  A steam dragon (D:7)
  7 nagas (Lair:3)
  3 swamp worms (Lair:2)
  3 acid dragons
  Duvessa (D:7)
  17 water moccasins
  14 orc warriors
  2 sky beasts
  An ice beast (D:6)
  15 wolves
  25 ogres
  11 centaurs
  2 phantoms (D:5)
  6 kobold brigands
  8 bullfrogs
  A gnoll sergeant (D:8)
  3 scorpions
  3 necrophages
  14 wights
  8 killer bees (D:8)
  Dowan (D:7)
  10 electric eels
  4 howler monkeys
  4 lava snakes (Lair:3)
  Crazy Yiuf (D:3)
  4 hounds (D:4)
  An iron imp (D:9)
  A jelly (D:6)
  19 orc priests
  Terence (D:3)
  An iguana (D:4)
  11 orc wizards
  5 hell rats (Lair:5)
  5 gnolls (D:8)
  3 adders
  4 river rats (D:9)
  A shadow imp (D:5)
  2 white imps
  An ufetubus (D:6)
  6 dart slugs
  4 worms
  50 orcs
  4 bats
  10 endoplasms
  7 giant cockroaches
  4 goblins
  6 hobgoblins
  11 jackals
  5 quokkas
  A ball python (D:3)
  2 frilled lizards
  11 kobolds
  9 rats
  2 butterflies (Lair:2)
536 creatures vanquished.

Vanquished Creatures (collateral kills)
  A hydra (Lair:3)
  An electric eel (Lair:3)
2 creatures vanquished.

Vanquished Creatures (others)
  A wyvern (Lair:1)
  An orc (D:6)
  26 fungi
  51 plants
79 creatures vanquished.

Grand Total: 617 creatures vanquished

Notes
Turn   | Place    | Note
-------+----------+-------------------------------------------
     0 | D:1      | lesbiats the Troll Fighter began the quest for the Orb.
     0 | D:1      | Reached XP level 1. HP: 22/22 MP: 0/0
   143 | D:1      | Upgraded the game from 0.30-a0-777-ga9a30cbeda to
                  | 0.30-a0-778-g2ef04afb54
   189 | D:1      | Reached XP level 2. HP: 29/29 MP: 1/1
   351 | D:1      | Reached XP level 3. HP: 36/36 MP: 2/2
   393 | D:1      | Reached skill level 3 in Unarmed Combat
   765 | D:2      | Found the amulet of Elemental Vulnerability {rPois rF--
                  | rC-- AC+8}
  1294 | D:3      | Noticed Sigmund
  1307 | D:3      | Killed Sigmund
  1308 | D:3      | Reached skill level 4 in Unarmed Combat
  1308 | D:3      | Reached XP level 4. HP: 45/45 MP: 3/3
  1308 | D:3      | Reached XP level 5. HP: 53/53 MP: 4/4
  1345 | D:3      | Found Uchecolo's Magic Scroll Shoppe.
  1373 | D:3      | Bought a scroll of identify for 20 gold pieces
  1373 | D:3      | Bought a scroll of fear for 40 gold pieces
  1373 | D:3      | Bought a scroll of teleportation for 30 gold pieces
  1387 | D:3      | Found a glowing silver altar of Zin.
  1411 | D:3      | Reached XP level 6. HP: 13/61 MP: 5/5
  1476 | D:3      | Noticed Terence
  1484 | D:3      | Killed Terence
  1557 | D:3      | Found a runed translucent door.
  1558 | D:3      | Noticed Crazy Yiuf
  1563 | D:3      | Killed Crazy Yiuf
  1785 | D:4      | Reached skill level 5 in Unarmed Combat
  1791 | D:4      | Found Irhanol's Magic Scroll Emporium.
  1817 | D:4      | Reached XP level 7. HP: 61/68 MP: 6/6
  1841 | D:4      | Found Istra Tinn's Distillery.
  1971 | D:4      | Reached skill level 6 in Unarmed Combat
  2034 | D:4      | Found Bachemux's Armour Shoppe.
  2040 | D:4      | Found Vohuyshafist's Antique Weapon Emporium.
  2355 | D:5      | Entered Level 5 of the Dungeon
  2411 | D:5      | Found an ornate altar of the Wu Jian Council.
  2420 | D:5      | Became a worshipper of the Wu Jian Council
  2637 | D:5      | Found Zemmolo's Armour Shop.
  2691 | D:5      | Found a burning altar of Makhleb.
  2748 | D:5      | Found a staircase to the Ecumenical Temple.
  2933 | D:5      | Found a basalt altar of Yredelemnul.
  3335 | D:6      | Found a transporter.
  3335 | D:6      | Found a transporter.
  3359 | D:6      | Reached skill level 5 in Shields
  3421 | D:6      | Reached skill level 7 in Unarmed Combat
  3421 | D:6      | Reached XP level 8. HP: 79/79 MP: 7/7
  3922 | D:6      | Reached skill level 5 in Fighting
  4346 | D:6      | Reached * piety under Wu Jian
  4355 | D:6      | Reached skill level 8 in Unarmed Combat
  4667 | D:7      | Noticed a hornet
  4674 | D:7      | Killed a hornet
  4675 | D:7      | Reached XP level 9. HP: 57/88 MP: 8/8
  4719 | D:7      | Noticed Dowan
  4728 | D:7      | Killed Dowan
  4745 | D:7      | Noticed Duvessa
  5061 | D:7      | Killed Duvessa
  5062 | D:7      | Reached skill level 9 in Unarmed Combat
  5453 | D:8      | Reached skill level 10 in Unarmed Combat
  5546 | D:8      | Found a shimmering blue altar of Sif Muna.
  5554 | D:8      | Found a shimmering altar of Xom.
  5738 | D:8      | Reached ** piety under Wu Jian
  5753 | D:8      | Reached XP level 10. HP: 99/100 MP: 9/9
  6201 | D:9      | Noticed Erolcha
  6303 | D:9      | Killed Erolcha
  6471 | D:9      | Found a white marble altar of Elyvilon.
  6499 | D:9      | Reached skill level 11 in Unarmed Combat
  6742 | D:9      | Found a sacrificial altar of Ru.
  6816 | D:9      | Found a snail-covered altar of Cheibriados.
  6850 | D:9      | Noticed a death yak
  6862 | D:9      | Noticed a death yak
  6863 | D:9      | Killed a death yak
  6870 | D:9      | Noticed a death yak
  6871 | D:9      | Killed a death yak
  6872 | D:9      | Reached skill level 5 in Dodging
  6886 | D:9      | Killed a death yak
  6890 | D:9      | Reached XP level 11. HP: 76/109 MP: 10/10
  6891 | D:9      | Found a staircase to the Lair.
  7003 | D:9      | Found Fojeam's Assorted Antiques.
  7017 | D:9      | Found an opulent altar of Gozag.
  7147 | D:4      | Bought a potion of lignification for 33 gold pieces
  7147 | D:4      | Bought a potion of curing for 33 gold pieces
  7156 | D:4      | Bought a scroll of blinking for 97 gold pieces
  7273 | D:10     | Entered Level 10 of the Dungeon
  7628 | D:10     | Reached *** piety under Wu Jian
  7645 | D:10     | Reached skill level 12 in Unarmed Combat
  8141 | D:11     | Found a portal to a secret trove of treasure.
  8180 | D:11     | Noticed a boulder beetle
  8199 | D:11     | Killed a boulder beetle
  8262 | D:11     | Noticed a two-headed ogre
  8271 | D:11     | Killed a two-headed ogre
  8272 | D:11     | Reached skill level 1 in Armour
  8272 | D:11     | Reached skill level 1 in Earth Magic
  8311 | D:11     | Found a staircase to the Orcish Mines.
  8743 | D:11     | Noticed a boulder beetle
  8760 | D:11     | Killed a boulder beetle
  8940 | Lair:1   | Entered Level 1 of the Lair of Beasts
  8947 | Lair:1   | Noticed Urug
  9026 | Lair:1   | Found a stormy altar of Qazlal.
  9199 | Lair:1   | Killed Urug
  9361 | Lair:1   | Identified the +7 mace "Koquesan" {freeze, Str-2 Int+2
                  | Dex+7}
  9627 | Lair:1   | Reached XP level 12. HP: 98/119 MP: 11/11
 10056 | Lair:2   | Identified the +5 dagger "Ogreslayer" {protect, rC- rCorr
                  | Str+7 Stlth+}
 10202 | Lair:2   | Found a runed translucent gate.
 10202 | Lair:2   | Found a runed translucent gate.
 10202 | Lair:2   | Found a runed translucent gate.
 10207 | Lair:2   | Noticed tarna41's ghost (journeyman MiBe)
 10326 | Lair:2   | Reached skill level 13 in Unarmed Combat
 10748 | Lair:3   | Found a staircase to the Shoals.
 10757 | Lair:3   | Noticed Sonja
 10815 | Lair:3   | Killed Sonja
 10896 | Lair:3   | Reached **** piety under Wu Jian
 10967 | Lair:3   | Found a staircase to the Snake Pit.
 11099 | Lair:3   | Noticed a five-headed hydra
 11105 | Lair:3   | Killed a five-headed hydra
 11226 | Lair:3   | Noticed Amaemon
 11244 | Lair:3   | Killed Amaemon
 11925 | Lair:4   | Noticed a catoblepas
 11939 | Lair:4   | Killed a catoblepas
 11943 | Lair:4   | Reached XP level 13. HP: 50/128 MP: 12/12
 12208 | Lair:4   | Reached skill level 14 in Unarmed Combat
 12251 | Lair:4   | Reached ***** piety under Wu Jian
 12566 | Lair:4   | Reached skill level 5 in Earth Magic
 12883 | Lair:5   | Entered Level 5 of the Lair of Beasts
 12973 | Lair:4   | Reached skill level 10 in Shields
 13122 | Lair:5   | Reached skill level 5 in Armour
 13218 | Lair:5   | HP: 5/131 [death yak (17)]
 13307 | Lair:5   | Found a viscous altar of Jiyva.
 13307 | Lair:5   | Found a staircase to the Slime Pits.
 13515 | Lair:5   | Reached skill level 15 in Unarmed Combat
 13800 | Lair:5   | Reached XP level 14. HP: 140/140 MP: 13/13
 14326 | Lair:5   | Identified the ring "Wiqymi" {Fly Str+3}
 14602 | Orc:1    | Entered Level 1 of the Orcish Mines
 14940 | Orc:2    | Entered Level 2 of the Orcish Mines
 14943 | Orc:2    | Found a staircase to the Elven Halls.
 15110 | Orc:2    | Reached ****** piety under Wu Jian
 15251 | Orc:1    | Noticed Harold
 15263 | Orc:1    | Killed Harold
 15480 | Orc:2    | Paralysed by something for 4 turns
 15607 | Orc:2    | Found Missao Sute's Assorted Antiques.
 15618 | Orc:2    | Found Iptuxkeo's General Store.
 15618 | Orc:2    | Found Maogruy's Weapon Emporium.
 15618 | Orc:2    | Found Ywkif's Book Shop.
 16140 | D:9      | Bought a scroll labelled HOSSIH CAPT for 31 gold pieces
 16140 | D:9      | Bought a scroll of identify for 62 gold pieces
 16141 | D:9      | Bought a scroll of identify for 62 gold pieces
 16423 | D:12     | Found a large runed translucent door.
 16423 | D:12     | Found a large runed translucent door.
 16447 | D:12     | Noticed olddryhag's ghost (journeyman DsFE)
 16462 | D:12     | Reached skill level 10 in Fighting
 16475 | D:12     | Killed olddryhag's ghost
 16492 | D:12     | Learned a level 2 spell: Passwall
 16797 | D:12     | Reached skill level 16 in Unarmed Combat
 17448 | D:13     | Noticed Rupert
 17462 | D:13     | Mangled by Rupert

Illustrated notes

Levels and vault maps discovered:
D:1:      minmay_arrival_five_plusses, layout_basic, grunt_decor_one_mirror,
          serial_bayou_pond_b
D:2:      layout_loops_ring, minmay_misc_feat_enclosed,
          minmay_misc_feat_four_crosses, minmay_tetromino_t4
D:3:      layout_rooms, mainiacjoe_overflow_concentric_impassable, serial_shops,
          shop, uniq_crazy_yiuf_cottage, uniq_terence, uniq_sigmund
D:4:      layout_rooms, serial_shops, shop, shop, nicolae_shop_hallway_plus,
          shop, nicolae_zen_rock_garden
D:5:      layout_loops_corners, mainiacjoe_overflow_six_doors_small,
          mainiacjoe_overflow_catch_the_wave, minmay_temple_entry_steel_oval,
          serial_shops, shop, supply_closet_lemuel, hangedman_decor_riveting
D:6:      gammafunk_steamed_eel, layout_cave_pools, serial_bayou,
          serial_bayou_lake_a, serial_bayou_pond_a, serial_bayou_lagoon_b,
          serial_bayou_shore_b, nicolae_titane
D:7:      layout_rooms, minivault_1, uniq_duvessa
D:8:      layout_basic, jmf_multi_god_temple, minivault_27, serial_bayou_pond_a,
          minmay_crystal_room
D:9:      layout_basic, mainiacjoe_overflow_tiny_flanked,
          mainiacjoe_overflow_24_doors, kennysheep_mini_moat, slow_altar_1,
          dpeg_lair_monsters, serial_shops, nicolae_shop_overgrown_old_shop,
          hex_medium, serial_park_tiny_pond, ebering_dispersal_statue_hall,
          feat_on_display, uniq_erolcha
D:10:     nicolae_cairo_tiling_large, layout_basic
D:11:     layout_irregular_city, david_orc_2, nicolae_trove_entry_diagonal
D:12:     layout_loops_cross, ebering_ghost_disaster_area
D:13:     layout_basic, nicolae_gozag_seed_capital, uniq_rupert
Lair:1:   layout_gridlike, basic_altar, grunt_megastairs_4,
          infiniplex_staircase_pool_2, uniq_urug
Lair:2:   layout_long_grid, gammafunk_ghost_necromancy, worms_lemuel,
          lemuel_fruit_fields, grunt_megastairs_2
Lair:3:   layout_gridlike, minmay_shoals_entry_beasts,
          minmay_snake_entry_guardpost_medium, nicolae_lair_liquid_snakes,
          uniq_sonja, uniq_amaemon
Lair:4:   layout_regular_city, infiniplex_staircase_pool, grunt_megastairs_5
Lair:5:   evilmike_catoblepas_cave, layout_hall_layers, slime_entry_1
Orc:1:    layout_caves, basic_altar, uniq_harold
Orc:2:    st_orc_ogre_mass, layout_caves

Skill      XL: |  1  2  3  4  5  6  7  8  9 10 11 12 13 14 |
---------------+-------------------------------------------+-----
Shields        | 3 4 5 6 7 8 9 10 11 | 11.0
Unarmed Combat | 4 5 7 8 10 11 12 13 15 16 | 16.0
Fighting       | 3 4 5 6 7 8 9 10 | 10.0
Dodging        | 3 5 6 7 8 |  8.7
Armour         | 2 4 5 6 |  6.5
Earth Magic    | 2 4 5 7 |  7.1

Action                     |  1- 3 |  4- 6 |  7- 9 | 10-12 | 13-15 || total
---------------------------+-------+-------+-------+-------+-------++-------
  Melee: Unarmed           |   134 |    55 |   281 |   620 |   857 ||  1947
  Throw: Boomerang         |       |       |    20 |       |     3 ||    23
         Dart              |       |       |     1 |     4 |     8 ||    13
         Throwing net      |       |       |       |     1 |     1 ||     2
 Invoke: Heavenly Storm    |       |       |       |       |     1 ||     1
Ability: Lunge             |       |       |    22 |    41 |    60 ||   123
         Whirlwind         |       |       |     5 |   141 |   262 ||   408
  Evoke: Wand              |       |       |     8 |    11 |     3 ||    22
         Phantom mirror    |       |       |       |     1 |       ||     1
    Use: Scroll            |       |     3 |     2 |    13 |     7 ||    25
         Potion            |       |       |     1 |       |     3 ||     4
   Stab: Sleeping          |     1 |       |     1 |       |       ||     2
         Petrified         |       |       |       |     2 |       ||     2
 Armour: Robe              |    45 |     9 |    57 |       |       ||   111
         Gold dragon scale |       |       |       |   218 |   286 ||   504
         Skin              |       |       |       |       |    19 ||    19
  Dodge: Dodged            |    48 |    13 |    95 |   134 |   140 ||   430
         Repelled          |       |       |       |     5 |     2 ||     7
  Block: Kite shield       |    46 |    13 |   113 |   248 |   273 ||   693

Table legend: (Time is in decaauts)
 A = Elapsed time spent in this place.
 B = Non-inter-level travel time spent in this place.
 C = Inter-level travel time spent in this place.
 D = Time resting spent in this place.
 E = Time spent auto-exploring this place.
 F = Levels seen in this place.
 G = Mean time per level.
                   A        B        C        D        E       F      G
               +--------+--------+--------+--------+--------+-----+--------+
         Total |  17392 |  14851 |   2541 |   1121 |   8879 |  20 |  869.6 |
       Dungeon |  10343 |   8744 |   1599 |    503 |   5627 |  13 |  795.6 |
          Lair |   5614 |   4844 |    770 |    467 |   2689 |   5 | 1122.8 |
  Orcish Mines |   1434 |   1263 |    171 |    151 |    563 |   2 |  717.0 |
               +--------+--------+--------+--------+--------+-----+--------+

Top non-repeatable levels by time:
  Lair:5: 1289 daAuts
  Lair:4: 1231 daAuts
     D:9: 1154 daAuts
  Lair:3: 1130 daAuts
     D:6: 1074 daAuts
     D:8: 1068 daAuts
     D:5: 1005 daAuts
  Lair:1: 997 daAuts
    D:10: 988 daAuts
  Lair:2: 966 daAuts
   Orc:2: 862 daAuts
    D:11: 859 daAuts
     D:7: 844 daAuts
    D:12: 703 daAuts
     D:4: 698 daAuts
